 Dungeon Crawl Stone Soup version 0.21-a0-311-g9ae2175 (console) character file.

1632 Gottschkopf the Transmogrifier (level 8, -15/59 HPs)
             Began as a Red Draconian Transmuter on Sept 28, 2017.
             Was a Priest of Okawaru.
             Demolished by WhatIsLove's ghost (25 damage)
             ... on level 6 of the Dungeon on Sept 29, 2017.
             The game lasted 00:20:16 (5149 turns).

Gottschkopf the Transmogrifier (DrTm)               Turns: 5149, Time: 00:20:17

Health: -15/59     AC:  7    Str: 12    XL:     8   Next: 66%
Magic:  5/11       EV: 15    Int: 17    God:    Okawaru [***...]
Gold:   283        SH:  0    Dex: 11    Spells: 2/13 levels left

rFire    + . .     SeeInvis .     - Unarmed
rCold    . . .     Gourm    .   (shield currently unavailable)
rNeg     . . .     Faith    .   (armour unavailable)
rPois    .         Spirit   .   (helmet restricted)
rElec    .         Reflect  .   (no cloak)
rCorr    .         Harm     .   (gloves currently unavailable)
MR       .....                  y - +0 pair of boots
Stlth    +++.......             (no amulet)
HPRegen  0.19/turn              (no ring)
MPRegen  0.12/turn              (no ring)

@: blade hands (expiring), heroism
A: breathe fire, unfitting armour, fire resistance 1, low mp 1, cold-blooded, AC
+6
a: Breathe Fire, End Transformation, Heroism, Renounce Religion


You were on level 6 of the Dungeon.
You worshipped Okawaru.
Okawaru was most pleased with you.
You were not hungry.
You had blades for hands.
You visited 1 branch of the dungeon, and saw 6 of its levels.

You collected 283 gold pieces.

Inventory:

Missiles
 a - 79 arrows (quivered)
Armour
 y - a +0 pair of boots (worn)
Wands
 e - a wand of enslavement (10/24)
 w - a wand of enslavement (12/24)
Scrolls
 d - a scroll of enchant armour {unknown}
 f - 2 scrolls of amnesia {unknown}
 i - 2 scrolls of recharging {unknown}
 m - a scroll of blinking {unknown}
 o - 5 scrolls of teleportation
 s - a scroll of fear {unknown}
 t - a scroll of random uselessness {unknown}
 u - 2 scrolls of remove curse
 x - a scroll of fog {unknown}
 z - a scroll of identify
Potions
 h - 3 potions of heal wounds
 j - 2 potions of might
 l - a potion of brilliance
 p - a potion of berserk rage
 q - a potion of resistance
 r - 3 potions of agility
Books
 b - a book of Changes

   Spells                             Type                      Level
   a - Beastly Appendage              Transmutation                1
   b - Sticks to Snakes               Transmutation                2
   c - Spider Form                    Transmutation/Poison         3
   d - Ice Form                       Ice/Transmutation            4
   e - Blade Hands                    Transmutation                5
Comestibles
 c - 8 bread rations
 g - 2 meat rations
 k - 3 royal jellies
 n - 2 fruits
 v - a chunk of flesh


   Skills:
 - Level 1.1(6.1) Fighting
 - Level 1.7(6.7) Dodging
 * Level 6.7(11.7) Unarmed Combat
 - Level 3.0 Spellcasting
 + Level 8.7 Transmutations
 - Level 2.0 Poison Magic
 - Level 0.2 Invocations
 - Level 0.6 Evocations


You had 2 spell levels left.
You knew the following spells:

 Your Spells              Type           Power        Failure   Level  Hunger
a - Beastly Appendage     Tmut           ####..       12%         1    None
b - Sticks to Snakes      Tmut           ####....     13%         2    ##.....
c - Spider Form           Tmut/Pois      ###.......   36%         3    ###....
d - Blade Hands           Tmut           ####......   52%         5    ######.


Dungeon Overview and Level Annotations

Branches:
Dungeon (6/15)             Temple (0/1) D:4

Altars:
Ashenzari
Cheibriados
Dithmenos
Hepliaklqana
Makhleb
Nemelex Xobeh
Okawaru
Qazlal
Trog
Vehumet
Wu Jian
Xom
Zin

Annotations:
D:6 Prince Ribbit; WhatIsLove's ghost, novice OgSk


Innate Abilities, Weirdness & Mutations

You can breathe blasts of fire.
Your fiery red scales are hard. (AC +6)
You cannot fit into any form of body armour.
Your flesh is heat resistant. (rF+)
You are cold-blooded and may be slowed by cold attacks.
Your magical capacity is low. (-10% MP)


Message History

Prince Ribbit blinks!
The hound barely misses you.
Prince Ribbit lets out a mournful croak.
The hound bites you.
Your transformation is almost over.
Prince Ribbit blinks!
The hound barely misses you.
There is an open door here.
You closely miss the hound.
The hound is severely wounded.
The hound bites you but does no damage.
Prince Ribbit blinks!
You slice the hound!!
You kill the hound!
Okawaru accepts your kill.
WhatIsLove's ghost's shroud bends your attack away.
WhatIsLove's ghost hits you!!
* * * LOW HITPOINT WARNING * * *
You closely miss WhatIsLove's ghost.
You gain the combat prowess of a mighty hero.
WhatIsLove's ghost hits you!!
You die...

#. #.# #. ... #.. # #.## ...
###'### ##.#... .. #≈≈.≈≈#
....... .. #≈8.8≈# .......
#. +.._..+ ##..... #.
#≈8.8≈#.#.. #...... ...
#.##≈≈@≈≈#.#...........
....#..###W###.............
........W...#...#....#.#....
.......................#....
............................
....#...........#....#......
..........##................
.......#..##.##.#.##.#....##
............^...............


You could see WhatIsLove's ghost.

Vanquished Creatures
  2 hippogriffs (D:5)
  Edmund (D:4)
  3 ogres
  A centaur (D:5)
  Blork the orc (D:4)
  A centaur zombie (D:6)
  2 crimson imps (D:5)
  4 hounds
  3 orc priests
  2 orc wizards
  An iron imp (D:4)
  Jessica (D:2)
  A bullfrog skeleton (D:5)
  2 centaur skeletons (D:4)
  An iguana (D:5)
  Terence (D:2)
  2 worker ants
  6 adders
  2 oozes
  An adder skeleton (D:6)
  2 worms
  A dart slug (D:1)
  2 leopard geckos
  12 orcs
  8 bats
  6 giant cockroaches
  14 goblins
  11 hobgoblins
  10 jackals
  5 kobolds
  3 quokkas
  A ball python (D:2)
  6 frilled lizards
  8 rats
127 creatures vanquished.

Notes
Turn   | Place    | Note
-------+----------+-------------------------------------------
     0 | D:1      | Gottschkopf the Draconian Transmuter began the quest for the Orb.
     0 | D:1      | Reached XP level 1. HP: 16/16 MP: 3/3
   147 | D:1      | Reached XP level 2. HP: 14/23 MP: 3/5
   329 | D:1      | Learned a level 2 spell: Sticks to Snakes
   591 | D:1      | Reached XP level 3. HP: 23/28 MP: 4/6
   596 | D:1      | Learned a level 3 spell: Spider Form
   701 | D:1      | Reached skill level 1 in Poison Magic
  1100 | D:2      | Reached XP level 4. HP: 33/35 MP: 5/7
  1118 | D:2      | Found an iron altar of Okawaru.
  1142 | D:2      | Became a worshipper of Warmaster Okawaru
  1204 | D:2      | Found a stormy altar of Qazlal.
  1292 | D:2      | Noticed Jessica
  1312 | D:2      | Killed Jessica
  1312 | D:2      | Reached skill level 3 in Transmutations
  1527 | D:2      | Noticed Terence
  1535 | D:2      | Killed Terence
  1535 | D:2      | Reached XP level 5. HP: 40/40 MP: 4/8
  1551 | D:2      | Found a shattered altar of Ashenzari.
  1554 | D:2      | Found an ornate altar of the Wu Jian Council.
  1659 | D:2      | Found a glowing silver altar of Zin.
  2467 | D:3      | Found a radiant altar of Vehumet.
  2534 | D:3      | Upgraded the game from 0.21-a0-286-g6fcecc0 to 0.21-a0-311-g9ae2175
  2761 | D:3      | Reached XP level 6. HP: 41/47 MP: 10/10
  2768 | D:3      | Learned a level 5 spell: Blade Hands
  3055 | D:4      | Noticed Edmund
  3067 | D:4      | Killed Edmund
  3067 | D:4      | Reached * piety under Okawaru
  3067 | D:4      | Reached skill level 4 in Transmutations
  3076 | D:4      | Found a staircase to the Ecumenical Temple.
  3114 | D:4      | Reached skill level 5 in Transmutations
  3120 | D:4      | Noticed Blork the orc
  3150 | D:4      | Your scales start taking on a fiery red colour.
  3150 | D:4      | Reached XP level 7. HP: 46/52 MP: 8/11
  3150 | D:4      | Gained mutation: Your flesh is heat resistant. (rF+) [Red Draconian growth]
  3168 | D:4      | Killed Blork the orc
  3168 | D:4      | Reached skill level 6 in Transmutations
  3695 | D:4      | Found a snail-covered altar of Cheibriados.
  3768 | D:5      | Entered Level 5 of the Dungeon
  3781 | D:5      | Noticed a hippogriff
  3801 | D:5      | Reached skill level 7 in Transmutations
  3817 | D:5      | Killed a hippogriff
  3817 | D:5      | Reached ** piety under Okawaru
  3840 | D:5      | Reached XP level 8. HP: 54/59 MP: 6/12
  3852 | D:5      | Reached skill level 8 in Transmutations
  3944 | D:5      | Noticed a hippogriff
  3982 | D:5      | Killed a hippogriff
  3982 | D:5      | Reached skill level 5 in Unarmed Combat
  4405 | D:5      | Found a burning altar of Makhleb.
  4405 | D:5      | Found a shimmering altar of Xom.
  4808 | D:5      | Reached *** piety under Okawaru
  5020 | D:6      | Gained mutation: You are weak. (Str -2) [potion of mutation]
  5020 | D:6      | Gained mutation: Your magical capacity is low. (-10% MP) [potion of mutation]
  5020 | D:6      | Lost mutation: You are weak. (Str -2) [potion of mutation]
  5022 | D:6      | Found a bloodstained altar of Trog.
  5027 | D:6      | Found a shadowy altar of Dithmenos.
  5032 | D:6      | Found a sparkling altar of Nemelex Xobeh.
  5120 | D:6      | Found a hazy altar of Hepliaklqana.
  5131 | D:6      | Noticed Prince Ribbit
  5134 | D:6      | Noticed WhatIsLove's ghost (novice OgSk)
  5149 | D:6      | Demolished by WhatIsLove's ghost

Vault maps used:
D:1:      elethiomel_arrival_diamonds
D:2:      kennysheep_the_goblin_king, kennysheep_okawaru_gauntlet,
          grunt_qazlal_sundering, minitemple, zin_statuary, st_stairs_12,
          uniq_jessica, uniq_terence
D:3:      vehumet_crystals, corexii_item_surrounded_by_moat, minivault_4
D:4:      kennysheep_big_flooded_room, minmay_temple_entry_large_hall,
          first_bread, chei_slow_surprise, uniq_edmund, uniq_blork_the_orc
D:5:      grunt_temple_overflow_champion_of_chaos, kennysheep_path_1
D:6:      kennysheep_little_box, grunt_temple_overflow_open, uniq_prince_ribbit1

Skill      XL: |  1  2  3  4  5  6  7  8 |
---------------+-------------------------+-----
Unarmed Combat | 4 6 |  6.7
Poison Magic   | 2 |  2.0
Transmutations | 3 5 7 8 |  8.7
Spellcasting   | 3 |  3.0
Fighting       | |  1.1
Dodging        | |  1.7
Invocations    | |  0.2
Evocations     | |  0.6

Action                   |  1- 3 |  4- 6 |  7- 9 || total
-------------------------+-------+-------+-------++-------
Melee: Unarmed           |   145 |   172 |   162 ||   479
       Tailslap          |     8 |     8 |    14 ||    30
       Headbutt          |     6 |    11 |    11 ||    28
       Kick              |     9 |     8 |       ||    17
       Punch             |     2 |     1 |     1 ||     4
 Cast: Beastly Appendage |    24 |    17 |    14 ||    55
       Spider Form       |       |     8 |     5 ||    13
       Blade Hands       |       |       |     4 ||     4
Invok: Heroism           |       |       |     1 ||     1
 Abil: End Transformatio |       |     1 |       ||     1
  Use: Scroll            |       |     5 |     4 ||     9
       Potion            |       |     1 |     3 ||     4
 Stab: Sleeping          |     1 |     3 |       ||     4
       Invisible         |       |     1 |       ||     1
  Eat: Chunk             |     1 |     8 |     9 ||    18
Armor: Skin              |    36 |    41 |    35 ||   112
Dodge: Dodged            |    90 |   181 |   104 ||   375

Table legend:
 A = Spawn XP
 B = Non-spawn XP
 C = Spawn XP percentage of total XP
 D = Spawn monster count
 E = Non-spawn monster count
 F = Spawn count percentage of total count
 G = Total turns spent on level
                    A         B        C        D         E        F      G
               +---------+---------+-------+---------+---------+-------+---------
         Total |       0 |    2332 |   0.0 |       0 |     127 |   0.0 |  5149
               +---------+---------+-------+---------+---------+-------+---------
           D:1 |       0 |      62 |   0.0 |       0 |      34 |   0.0 |   836
           D:2 |       0 |     198 |   0.0 |       0 |      28 |   0.0 |  1308
           D:3 |       0 |     145 |   0.0 |       0 |      21 |   0.0 |   886
           D:4 |       0 |     693 |   0.0 |       0 |      16 |   0.0 |   738
           D:5 |       0 |    1092 |   0.0 |       0 |      20 |   0.0 |  1216
           D:6 |       0 |     142 |   0.0 |       0 |       8 |   0.0 |   165
               +---------+---------+-------+---------+---------+-------+---------
